 Dungeon Crawl Stone Soup version 0.30-a0-571-gdf30a72648 (webtiles) character file.

Game seed: 10915884593869087094

11043 bmack86 the Cleaver (level 11, -2/97 HPs)
             Began as a Minotaur Fighter on Dec 29, 2022.
             Was an Elder of Okawaru.
             Slain by a komodo dragon (6 damage)
             ... on level 1 of the Lair of Beasts.
             The game lasted 00:32:56 (11027 turns).

bmack86 the Cleaver (Minotaur Fighter)             Turns: 11027, Time: 00:32:57

Health: -2/97      AC: 22    Str: 29    XL:     11   Next: 44%
Magic:  0/13       EV:  7    Int:  5    God:    Okawaru [****..]
Gold:   201        SH:  6    Dex: 10    Spells: 10/10 levels left

rFire   . . .      SeeInvis .    w - +2 broad axe (flame)
rCold   + . .      Faith    .    c - +0 buckler
rNeg    + . .      Spirit   +    G - +1 plate armour {rC+}
rPois   .          Reflect  .    i - +2 hat
rElec   .          Harm     .    B - +0 cloak
rCorr   .          Rampage  .    f - +2 pair of gloves
Will    .....                    (no boots) Stlth
                                 r - amulet of guardian spirit
HPRegen 0.36/turn                n - ring of Upnuqar {Wiz +Blink rN+ Str+4 Slay+2}
MPRegen 0.13/turn                (no ring)

@: very slow
A: horns 2, retaliatory headbutt
a: Renounce Religion, Evoke Blink, Heroism, Finesse


You were on level 1 of the Lair of Beasts.
You worshipped Okawaru.
Okawaru was greatly pleased with you.
You visited 3 branches of the dungeon, and saw 13 of its levels.

You collected 691 gold pieces.
You spent 490 gold pieces at shops.

Inventory:

Hand Weapons
 a - a +0 war axe
 w - a +2 broad axe of flaming (weapon)
Missiles
 j - 14 poisoned darts
 k - 3 datura-tipped darts (quivered)
 x - 3 boomerangs
Armour
 b - a +0 tower shield
 c - a +0 buckler (worn)
 f - a +2 pair of gloves (worn)
 i - a +2 hat (worn)
 B - a +0 cloak (worn)
 G - a +1 plate armour of cold resistance (worn)
Jewellery
 n - the ring of Upnuqar (left hand) {Wiz +Blink rN+ Str+4 Slay+2}
   (You acquired it on level 10 of the Dungeon)

   [ring of wizardry]

   It improves your spell success rate.
   Str:       It affects your strength (+4).
   Slay:      It affects your accuracy & damage with ranged weapons and melee
   (+2).
   rN:        It protects you from negative energy.
   +Blink:    It lets you blink.
 r - an amulet of guardian spirit (around neck)
Wands
 g - a wand of mindburst (4)
 t - a wand of quicksilver (7)
 v - a wand of digging (9)
Scrolls
 d - 4 scrolls of teleportation
 l - 4 scrolls of vulnerability
 y - a scroll of fear
 D - a scroll of blinking
 E - a scroll of amnesia
 F - a scroll of fog
Potions
 e - 4 potions of flight
 h - 4 potions of lignification
 m - 4 potions of resistance
 o - a potion of brilliance {unknown}
 p - 4 potions of curing
 q - a potion of cancellation {unknown}
 s - 2 potions of heal wounds
 u - a potion of attraction {unknown}
 z - 2 potions of haste {unknown}
 A - 2 potions of invisibility {unknown}
 C - 3 potions of ambrosia {unknown}
 H - a potion of magic {unknown}
 I - a potion of mutation {unknown}
Miscellaneous
 K - a condenser vane


   Skills:
 + Level 9.3 Fighting
 * Level 12.3 Axes
 + Level 7.1 Throwing
 + Level 9.4 Armour
 + Level 9.4 Shields
 + Level 4.9 Invocations


You had 10 spell levels left.
You didn't know any spells.
Your spell library contained the following spells:

 Spells                   Type           Power      Damage    Failure   Level
 Kiss of Death            Conj/Necr      0%         2d5       87%         1
 Magic Dart               Conj           0%         1d3       87%         1
 Necrotise                Necr           0%         1d4       87%         1
 Static Discharge         Conj/Air       0%         2-2/arc   95%         2
 Confusing Touch          Hex            0%         N/A       99%         3
 Mephitic Cloud           Conj/Pois/Air  0%         N/A       99%         3
 Stone Arrow              Conj/Erth      0%         3d7       99%         3
 Vampiric Draining        Necr           0%         2d6       99%         3
 Vhi's Electric Charge    Tloc/Air       0%         N/A       99%         3
 Dispel Undead            Necr           0%         3d6       100%        4
 Passage of Golubria      Tloc           0%         N/A       100%        4
 Agony                    Necr           0%         N/A       100%        5
 Arcjolt                  Conj/Air       0%         1d10      100%        5
 Lightning Bolt           Conj/Air       0%         1d11      100%        5
 Yara's Violent Unravell  Hex/Tmut       0%         3d3       100%        5
 Disjunction              Tloc           0%         N/A       100%        8
 Lehudib's Crystal Spear  Conj/Erth      0%         10d2      100%        8
 Call Imp                 Summ           Unusable   N/A       N/A         2
 Tukima's Dance           Hex            Unusable   N/A       N/A         3
 Animate Armour           Summ/Erth      Unusable   N/A       N/A         4
 Summon Forest            Summ/Tloc      Unusable   N/A       N/A         5
 Simulacrum               Ice/Necr       Unusable   N/A       N/A         6

Dungeon Overview and Level Annotations

Branches:
Dungeon (11/15)            Temple (1/1) D:6            Lair (1/5) D:8
    Orc: D:9-12

Altars:
Ashenzari
Cheibriados
Dithmenos
Elyvilon
Fedhas
Gozag
Hepliaklqana
Kikubaaqudgha
Makhleb
Nemelex Xobeh
Okawaru
Qazlal
Ru
Sif Muna
Trog
Uskayaw
Vehumet
Wu Jian
Xom
Yredelemnul
Zin
The Shining One

Shops:
D:8 [   D:10 [


Innate Abilities, Weirdness & Mutations

You have a pair of horns on your head.
You reflexively headbutt those who attack you in melee.


Message History

The komodo dragon bites you!
The komodo dragon hisses menacingly.
Your unstable footing causes you to fumble your attack.
The komodo dragon bites you! The komodo dragon bites you.
The iguana bites you but does no damage.
Your unstable footing causes you to fumble your attack.
The komodo dragon bites you. The komodo dragon barely misses you.
The iguana bites you but does no damage.
You slash the iguana! You burn the iguana.
The iguana is almost dead.
You slash the komodo dragon! You burn the komodo dragon.
You hit the komodo dragon but do no damage.
You block the komodo dragon's attack.
The komodo dragon hisses menacingly.
The komodo dragon bites you but does no damage.
The iguana barely misses you.
You hit the iguana but do no damage.
The iguana is almost dead.
You hit the komodo dragon. You burn the komodo dragon.
You slash the komodo dragon! You burn the komodo dragon.
The komodo dragon bites you!!
* * * LOW HITPOINT WARNING * * *
You block the iguana's attack.
A frilled lizard comes into view.
The frilled lizard hisses angrily.
You slash the iguana! You burn the iguana.
You kill the iguana!
Okawaru accepts your kill.
You hit the komodo dragon but do no damage.
You hit the komodo dragon. You burn the komodo dragon.
The komodo dragon bites you!
* * * LOW HITPOINT WARNING * * *
The komodo dragon bites you but does no damage.
You closely miss the frilled lizard. You headbutt the frilled lizard.
You kill the frilled lizard!
You hit the komodo dragon. You burn the komodo dragon.
You slash the komodo dragon! You burn the komodo dragon.
You hit the komodo dragon but do no damage.
The komodo dragon bites you!
You die...

.# ..# #######
...##..≈##..###
P......≈##.l#.#
#.....≈###.†l# ~###
###....≈≈####@#l~...
##......≈≈≈~≈~ll≈≈~...
###............≈≈≈≈~##..
#...........####≈≈#~#
...........## ####~~#
...........# ~#
......†....# #
.......###.# ......##
#.#


You could see 3 komodo dragons and a frilled lizard.

Vanquished Creatures
  A hydra (D:10)
  A two-headed ogre (D:9)
  Pikel (D:9)
  Maurice (D:8)
  2 kobold demonologists
  A komodo dragon (Lair:1)
  Sigmund (D:2)
  A wyvern (D:8)
  20 yaks (D:9)
  A wraith (D:9)
  Edmund (D:5)
  3 water moccasins
  5 orc warriors
  An ice beast (D:7)
  3 black bears
  An ogre (D:5)
  3 sky beasts
  2 centaurs
  A lemure (D:9)
  A kobold brigand (D:10)
  2 necrophages
  8 bullfrogs
  A gnoll sergeant (D:10)
  3 scorpions
  13 wights
  11 killer bees
  5 howler monkeys
  2 jellies
  A crimson imp (D:5)
  A hound (D:4)
  7 orc priests
  Crazy Yiuf (D:2)
  An iron imp (D:5)
  9 orc wizards
  2 iguanas
  5 adders
  4 gnolls (D:10)
  3 dart slugs
  43 orcs
  4 ball pythons
  5 endoplasms
  A giant cockroach (D:3)
  7 goblins
  9 hobgoblins
  3 jackals (D:2)
  2 quokkas
  7 bats
  10 frilled lizards
  3 goblin zombies (D:5)
  A hobgoblin zombie (D:5)
  17 kobolds
  2 kobold skeletons (D:5)
  A kobold zombie (D:5)
  An orc skeleton (D:5)
  3 rats
249 creatures vanquished.

Vanquished Creatures (collateral kills)
  A wight (D:6)
1 creature vanquished.

Vanquished Creatures (others)
  A wizard (D:5)
  A centaur (D:6)
  11 fungi (D:8)
  30 plants
43 creatures vanquished.

Grand Total: 293 creatures vanquished

Notes
Turn   | Place    | Note
-------+----------+-------------------------------------------
     0 | D:1      | bmack86 the Minotaur Fighter began the quest for the Orb.
     0 | D:1      | Reached XP level 1. HP: 19/19 MP: 0/0
   217 | D:1      | Reached XP level 2. HP: 27/27 MP: 1/1
   262 | D:1      | Got Dotoxkuz's Octavo of Displacement and Cold
   691 | D:1      | Reached skill level 3 in Axes
   914 | D:2      | Noticed Sigmund
   923 | D:2      | Killed Sigmund
   924 | D:2      | Reached skill level 4 in Axes
   924 | D:2      | Reached skill level 1 in Throwing
   924 | D:2      | Reached XP level 3. HP: 30/34 MP: 2/2
   924 | D:2      | Reached XP level 4. HP: 37/41 MP: 3/3
   924 | D:2      | Reached XP level 5. HP: 42/47 MP: 4/4
  1634 | D:2      | Found a runed translucent door.
  1635 | D:2      | Noticed Crazy Yiuf
  2089 | D:3      | Reached XP level 6. HP: 37/53 MP: 5/5
  2413 | D:4      | Reached skill level 5 in Axes
  2491 | D:4      | Found a hazy altar of Hepliaklqana.
  2676 | D:4      | Found a snail-covered altar of Cheibriados.
  2725 | D:4      | Found a shimmering blue altar of Sif Muna.
  3156 | D:4      | Reached skill level 5 in Fighting
  3185 | D:4      | Reached skill level 5 in Shields
  3199 | D:4      | Reached skill level 5 in Armour
  3589 | D:5      | Entered Level 5 of the Dungeon
  3591 | D:5      | Found a glowing golden altar of the Shining One.
  3602 | D:5      | Reached XP level 7. HP: 57/61 MP: 6/6
  3704 | D:5      | Reached skill level 6 in Axes
  3932 | D:5      | Noticed Edmund
  3942 | D:5      | Killed Edmund
  3969 | D:5      | Found a shadowy altar of Dithmenos.
  4529 | D:5      | Found a burning altar of Makhleb.
  4530 | D:5      | Found a radiant altar of Vehumet.
  4536 | D:5      | Reached XP level 8. HP: 70/70 MP: 7/7
  4609 | D:5      | Found a bloodstained altar of Trog.
  4611 | D:5      | Noticed a wizard
  4615 | D:5      | Killed a wizard
  4823 | D:6      | Reached skill level 7 in Axes
  5117 | D:6      | Found a shimmering altar of Xom.
  5462 | D:6      | Found a staircase to the Ecumenical Temple.
  5501 | Temple   | Entered the Ecumenical Temple
  5595 | Temple   | Became a worshipper of Warmaster Okawaru
  5723 | D:6      | Reached skill level 8 in Axes
  6047 | D:2      | Killed Crazy Yiuf
  6875 | D:7      | Reached XP level 9. HP: 74/78 MP: 6/8
  6997 | D:7      | Found a broken altar of Ashenzari.
  7019 | D:7      | Reached * piety under Okawaru
  7020 | D:7      | Reached skill level 9 in Axes
  7609 | D:7      | Reached skill level 5 in Throwing
  7615 | D:7      | Reached skill level 1 in Invocations
  7826 | D:8      | Noticed Maurice
  7842 | D:8      | Killed Maurice
  7964 | D:8      | Reached skill level 10 in Axes
  7987 | D:8      | Found a staircase to the Lair.
  8076 | D:8      | Reached ** piety under Okawaru
  8086 | D:8      | Reached XP level 10. HP: 81/88 MP: 7/10
  8139 | D:8      | Found Utiuhepy's Armour Boutique.
  8144 | D:8      | Bought a +1 plate armour of cold resistance for 490 gold
                  | pieces
  8698 | D:9      | Noticed a two-headed ogre
  8707 | D:9      | Killed a two-headed ogre
  8814 | D:9      | Reached *** piety under Okawaru
  8938 | D:9      | Reached skill level 11 in Axes
  9112 | D:9      | Reached **** piety under Okawaru
  9118 | D:9      | Reached XP level 11. HP: 37/95 MP: 5/13
  9420 | D:9      | Noticed Pikel
  9426 | D:9      | Killed Pikel
  9667 | D:9      | Reached skill level 12 in Axes
  9887 | D:10     | Entered Level 10 of the Dungeon
 10089 | D:10     | Found Maemok's Antique Armour Boutique.
 10125 | D:10     | Found a hide-covered altar of Uskayaw.
 10296 | D:10     | Noticed a five-headed hydra
 10304 | D:10     | Killed a one-headed hydra
 10725 | D:10     | Identified a scroll of acquirement
 10725 | D:10     | Acquired the ring of Upnuqar {Wiz +Blink rN+ Str+4 Slay+2}
 10880 | Lair:1   | Entered Level 1 of the Lair of Beasts
 11026 | Lair:1   | HP: 4/97 [komodo dragon (14)]
 11027 | Lair:1   | Slain by a komodo dragon

Illustrated notes

Levels and vault maps discovered:
D:1:      ncdulo_halloftheorcs, layout_basic, serial_bayou_pond_e, hex_medium
D:2:      layout_basic, uniq_crazy_yiuf_cottage, uniq_sigmund
D:3:      layout_basic
D:4:      layout_layer_cave, mainiacjoe_overflow_24_doors,
          mainiacjoe_overflow_six_doors_small, nicolae_hepliaklqana_hazy_memory,
          serial_bayou, serial_bayou_lagoon_a, serial_bayou_pond_b,
          serial_bayou_crossing, serial_bayou_pond_e, serial_bayou_pond_a,
          minmay_cut_off
D:5:      layout_loops_corners, grunt_temple_overflow_lords_of_destruction,
          trog_wizard, nicolae_tso_besieged_by_evil,
          nicolae_dithmenos_the_darkroom, uniq_edmund
D:6:      layout_loops_corners, xom_teletrap_fun, minmay_temple_entry_ruins,
          kennysheep_generic_room_4
D:7:      layout_basic, overflow_temple_1_default, kennysheep_another_room,
          grunt_ministairs_5
D:8:      layout_loops_ring, grunt_lair_entry_orc_guard_hut, serial_shops,
          kennysheep_little_box, st_stairs_12, uniq_maurice
D:9:      layout_roguey, grunt_ministairs_1, kennysheep_windowed_goal,
          uniq_pikel
D:10:     layout_gridville, mainiacjoe_overflow_alcove_2, serial_shops,
          shop_statue
D:11:     layout_stronghold
Temple:   nicolae_temple_ecumenical_triangle
Lair:1:   lemuel_reptile_caves, layout_hall_layers, lemuel_fruit_tree,
          serial_bayou_shore_b

Skill      XL: |  1  2  3  4  5  6  7  8  9 10 11 |
---------------+----------------------------------+-----
Axes           | 4 5 6 8 10 11 12 | 12.3
Fighting       | 4 5 6 7 8 9 |  9.3
Throwing       | 1 2 3 4 5 6 7 |  7.1
Armour         | 4 5 6 7 8 9 |  9.4
Shields        | 4 5 6 7 8 9 |  9.4
Invocations    | 2 4 |  4.9

Action                   |  1- 3 |  4- 6 |  7- 9 | 10-12 || total
-------------------------+-------+-------+-------+-------++-------
Melee: War axe           |    33 |   137 |       |       ||   170
       Headbutt          |     2 |    20 |    35 |    36 ||    93
       Broad axe         |       |    36 |   261 |   179 ||   476
Throw: Dart              |       |       |     3 |     8 ||    11
       Boomerang         |       |       |     3 |       ||     3
Invok: Heroism           |       |       |     1 |     6 ||     7
  Use: Scroll            |     4 |     7 |     4 |     9 ||    24
       Potion            |       |       |     1 |       ||     1
Armor: Chain mail        |    15 |   112 |   193 |       ||   320
       Scale mail        |     1 |       |       |       ||     1
       Plate armour      |       |       |       |   103 ||   103
Dodge: Dodged            |    10 |    73 |    94 |    62 ||   239
Block: Buckler           |     8 |    34 |    80 |    49 ||   171

Table legend: (Time is in decaauts)
 A = Elapsed time spent in this place.
 B = Non-inter-level travel time spent in this place.
 C = Inter-level travel time spent in this place.
 D = Time resting spent in this place.
 E = Time spent auto-exploring this place.
 F = Levels seen in this place.
 G = Mean time per level.
                   A        B        C        D        E       F      G
               +--------+--------+--------+--------+--------+-----+--------+
         Total |  11162 |  10170 |    992 |    515 |   6398 |  13 |  858.6 |
       Dungeon |  10908 |   9916 |    992 |    515 |   6343 |  11 |  991.6 |
        Temple |    105 |    105 |      0 |      0 |     55 |   1 |  105.0 |
          Lair |    147 |    147 |      0 |      0 |      0 |   1 |  147.0 |
               +--------+--------+--------+--------+--------+-----+--------+

Top non-repeatable levels by time:
     D:5: 1375 daAuts
     D:4: 1342 daAuts
     D:9: 1312 daAuts
     D:7: 1248 daAuts
     D:2: 1242 daAuts
     D:6: 1116 daAuts
    D:10: 908 daAuts
     D:8: 858 daAuts
     D:1: 852 daAuts
     D:3: 637 daAuts
  Lair:1: 147 daAuts
  Temple: 105 daAuts
    D:11: 15 daAuts
